AoeStats
← <Syn>Guardiansofyuna

Enclosed

505977837Analyzed
1v1 RM · 22d ago on Sep 11, 2026· 33m 11s· 2 players
Game mode
Random Map
Map size
Tiny (2 player)
Population
200
Speed
Normal
Resources
Standard
Victory
Conquest
Starting age
Dark Age
Ending age
Imperial Age
RankedLock teamsTeams togetherTeam positionsShared explorationLock speedFull tech treeHidden civsTurbo modeCheats
Victory
Defeat
🇧🇷 Goths · Brazil
1351
+17
🇺🇸 Wei · United States
1368
-17
Hinoa
9:16 Feudal Age
9:19 Man-at-Arms
12:59 Fletching
16:41 Padded Archer Armor
17:36 Double-Bit Axe
21:23 Scale Barding Armor
24:30 Castle Age
24:24 Wheelbarrow
25:14 Bodkin Arrow
24:51 Elite Skirmisher
29:22 Scale Mail Armor
<Syn>Guardiansofyuna
4:50 Loom
10:18 Feudal Age
12:57 Double-Bit Axe
13:54 Fletching
14:46 Padded Archer Armor
22:24 Wheelbarrow
26:21 Castle Age
24:57 Gold Mining
25:49 Bloodlines
25:42 Gold Mining
26:26 Crossbowman
27:05 Bodkin Arrow
30:00 Bow Saw
30:23 Scale Barding Armor
30:39 Light Cavalry
Connection lost

Rejoining the realm…

Still unreachable

The connection could not be restored.

Session expired

The server has moved on; the page needs a fresh start.